[Event "January 9 Early 2024"]
[Site "https://www.chess.com"]
[Date "2024.01.11"]
[Round "1"]
[White "Lamaze, Simon"]
[Black "Gutkin, Ilya"]
[Result "0-1"]
[Board "62"]
[TimeControl "180+1"]
[WhiteFideId "36069264"]
[BlackFideId "16203470"]
[WhiteElo "2635"]
[BlackElo "2333"]
[WhiteTeam "FRA"]
[BlackTeam "GER"]
[WhiteClock "0:01:21"]
[BlackClock "0:00:32"]

1. e4 e6 2. Nf3 d5 3. e5 Nh6 4. h4 Be7 5. h5 c5 6. b4 b6 7. c3 cxb4 8. cxb4 O-O 9. b5 a6 10. d4 axb5 11. Bd3 Bb4+ 12. Kf1 f5 13. Bxh6 gxh6 14. Bxb5 Bd7 15. Qe2 Qe8 16. Bxd7 Qxd7 17. Nbd2 Nc6 18. g3 Bc3 19. Rc1 Nxd4 20. Nxd4 Bxd4 21. Nf3 Bc5 22. Kg2 Ra3 23. Rhd1 Qa4 24. Rd2 Qg4 25. Ne1 Qg5 26. Nd3 f4 27. Rc4 f3+ 28. Qxf3 Rxf3 29. Kxf3 dxc4 0-1

[Event "January 9 Early 2024"]
[Site "https://www.chess.com"]
[Date "2024.01.11"]
[Round "1"]
[White "Daneshvar, Bardiya"]
[Black "Ezat, Mohamed"]
[Result "1-0"]
[Board "63"]
[TimeControl "180+1"]
[WhiteFideId "12576468"]
[BlackFideId "10600906"]
[WhiteElo "2948"]
[BlackElo "2502"]
[WhiteTeam "IRI"]
[BlackTeam "EGY"]
[WhiteClock "0:02:20"]
[BlackClock "0:00:09"]

1. b3 d5 2. Bb2 Nc6 3. Nf3 a6 4. e3 Bg4 5. d4 e6 6. h3 Bh5 7. Bd3 Nf6 8. O-O Bxf3 9. Qxf3 Bd6 10. c4 O-O 11. Nc3 b6 12. cxd5 exd5 13. Rac1 Ne7 14. g3 Ng6 15. Nxd5 Nxd5 16. Qxd5 Qe7 17. Qf5 a5 18. h4 Rfd8 19. h5 Nf8 20. Kg2 h6 21. e4 Rac8 22. e5 Ba3 23. Bxa3 Qxa3 24. Bc4 Qe7 25. d5 b5 26. Bxb5 g6 27. hxg6 fxg6 28. Qf4 Rxd5 29. Bc4 Rd8 30. Bxd5+ Rxd5 31. Rfd1 Rxe5 32. Qxh6 Re2 33. Qf4 Ne6 34. Qg4 Rxa2 35. Qxg6+ Ng7 36. Re1 Qf8 37. Rc2 Rxc2 38. Qxc2 c5 39. Qc4+ Kh7 40. Qe4+ Nf5 41. g4 1-0

[Event "January 9 Early 2024"]
[Site "https://www.chess.com"]
[Date "2024.01.11"]
[Round "1"]
[White "Aronian, Levon"]
[Black "Koutlas, Nikolaos"]
[Result "1-0"]
[Board "64"]
[TimeControl "180+1"]
[WhiteFideId "13300474"]
[BlackFideId "25827138"]
[WhiteElo "3093"]
[BlackElo "2530"]
[WhiteTeam "USA"]
[BlackTeam "GRE"]
[WhiteClock "0:02:11"]
[BlackClock "0:00:05"]

1. e4 c5 2. Nf3 d6 3. c3 Nf6 4. Be2 g6 5. O-O Bg7 6. d3 O-O 7. Be3 Nc6 8. Nbd2 e5 9. a3 Ng4 10. Bg5 f6 11. Bh4 g5 12. Bg3 h5 13. h4 Nh6 14. b4 g4 15. Ne1 f5 16. exf5 Nxf5 17. bxc5 d5 18. c4 Be6 19. Nc2 Nxh4 20. Ne3 d4 21. Nd5 Nf5 22. Ne4 Bxd5 23. cxd5 Qxd5 24. Qb1 Rf7 25. Bd1 Na5 26. Qb4 b6 27. cxb6 axb6 28. Qxb6 Kh8 29. Qg6 h4 30. Ng5 Kg8 31. Bxg4 hxg3 32. Bf3 Qxf3 33. gxf3 Rf6 34. Qh7+ Kf8 35. fxg3 Nxg3 36. Qh3 Nf5 37. Nh7+ Kf7 38. Nxf6 Kxf6 39. f4 e4 40. dxe4 Ne3 41. e5+ 1-0

[Event "January 9 Early 2024"]
[Site "https://www.chess.com"]
[Date "2024.01.11"]
[Round "1"]
[White "Mammadzada, Gunay"]
[Black "Sarana, Alexey"]
[Result "0-1"]
[Board "65"]
[TimeControl "180+1"]
[WhiteFideId "13403729"]
[BlackFideId "24133795"]
[WhiteElo "2523"]
[BlackElo "3061"]
[WhiteTeam "AZE"]
[BlackTeam "SRB"]
[WhiteClock "0:00:17"]
[BlackClock "0:01:54"]

1. d4 Nf6 2. c4 e6 3. g3 d5 4. Nf3 Be7 5. Bg2 O-O 6. O-O dxc4 7. Qc2 a6 8. a4 Bd7 9. Qxc4 b5 10. Qc2 Nc6 11. axb5 Nb4 12. Qd1 Bxb5 13. Nc3 Bc6 14. Bf4 Nfd5 15. Bd2 Nb6 16. e4 Bb7 17. Be3 a5 18. Qe2 Ba6 19. Qd1 Bxf1 20. Bxf1 c6 21. Nd2 Qc7 22. Qh5 Nc2 23. Rc1 Nxe3 24. fxe3 a4 25. Bd3 e5 26. Nf3 exd4 27. exd4 g6 28. Qh6 c5 29. Nb5 Qd7 30. Rxc5 Bxc5 31. dxc5 Qxd3 32. Ng5 Qd1+ 33. Kg2 Qh5 34. Qxh5 gxh5 35. cxb6 Rfb8 0-1

[Event "January 9 Early 2024"]
[Site "https://www.chess.com"]
[Date "2024.01.11"]
[Round "1"]
[White "Van Foreest, Jorden"]
[Black "Fishchuk, Vladyslav"]
[Result "1-0"]
[Board "66"]
[TimeControl "180+1"]
[WhiteFideId "1039784"]
[BlackFideId "34122117"]
[WhiteElo "3018"]
[BlackElo "2520"]
[WhiteTeam "NED"]
[BlackTeam "UKR"]
[WhiteClock "0:01:23"]
[BlackClock "0:00:48"]

1. d4 d5 2. c4 e6 3. Nc3 Nf6 4. Nf3 Nbd7 5. e3 a6 6. b3 Bb4 7. Bd2 O-O 8. Bd3 c5 9. O-O cxd4 10. exd4 dxc4 11. bxc4 b5 12. cxb5 Bxc3 13. Bxc3 axb5 14. Bxb5 Ba6 15. Bxa6 Rxa6 16. a4 Qa8 17. a5 Rc8 18. Qd3 Nd5 19. Bd2 Nb8 20. Rfc1 Nc6 21. h4 h6 22. Rc5 Nce7 23. Rac1 Rac6 24. Ne5 Rxc5 25. dxc5 Nc6 26. Nc4 Qa6 27. Qg3 Nd4 28. Qg4 e5 29. Nxe5 Ne2+ 30. Kh2 Nxc1 31. Bxh6 Qxh6 32. Qxc8+ Kh7 33. Qf5+ Kg8 34. Qxf7+ Kh8 35. Qxd5 Qxh4+ 36. Kg1 Ne2+ 37. Kf1 Nc3 38. Qd8+ Qxd8 39. Nf7+ Kh7 40. Nxd8 1-0

[Event "January 9 Early 2024"]
[Site "https://www.chess.com"]
[Date "2024.01.11"]
[Round "1"]
[White "Krutko, Anatoly"]
[Black "Petersson, Kjell"]
[Result "1-0"]
[Board "67"]
[TimeControl "180+1"]
[WhiteFideId "4185862"]
[BlackFideId "1705148"]
[WhiteElo "2558"]
[BlackElo "2124"]
[WhiteTeam "RUS"]
[BlackTeam "SWE"]
[WhiteClock "0:01:34"]
[BlackClock "0:00:14"]

1. e4 c5 2. Nf3 d6 3. d4 cxd4 4. Qxd4 Nc6 5. Bb5 Bd7 6. Bxc6 Bxc6 7. Nc3 e6 8. Bg5 Nf6 9. O-O-O Be7 10. Qd3 O-O 11. Nd4 h6 12. h4 Rc8 13. f4 Qa5 14. g4 hxg5 15. hxg5 Nxg4 16. Qh3 Nh6 17. gxh6 g6 18. f5 Kh7 19. Rdg1 Bd7 20. Kb1 Bf6 21. fxg6+ fxg6 22. Nb3 Qb6 23. Nd5 exd5 24. Qxd7+ Kh8 25. Rxg6 Rxc2 26. Qg7+ Bxg7 27. hxg7+ Kg8 28. Rh8+ Kf7 29. Rxf8+ Kxg6 30. g8=Q+ Kh6 31. Rf6+ 1-0

[Event "January 9 Early 2024"]
[Site "https://www.chess.com"]
[Date "2024.01.11"]
[Round "1"]
[White "Lagarde, Maxime"]
[Black "Mrudul Dehankar"]
[Result "1-0"]
[Board "68"]
[TimeControl "180+1"]
[WhiteFideId "662399"]
[BlackFideId "25096990"]
[WhiteElo "2808"]
[BlackElo "2438"]
[WhiteTeam "FRA"]
[BlackTeam "IND"]
[WhiteClock "0:01:42"]
[BlackClock "0:00:01"]

1. d4 Nf6 2. c4 e6 3. Nf3 Bb4+ 4. Bd2 c5 5. g3 Nc6 6. Bg2 Qb6 7. d5 exd5 8. cxd5 Nxd5 9. Nc3 Nf6 10. O-O d5 11. Bg5 Bxc3 12. bxc3 Be6 13. Rb1 Qc7 14. Bf4 Qd7 15. Ne5 Nxe5 16. Bxe5 O-O 17. Bxf6 gxf6 18. Qd2 Rad8 19. Rfd1 b6 20. Qh6 Qe7 21. e3 Rd6 22. Rd2 Rfd8 23. Rbd1 Kh8 24. Qf4 f5 25. c4 Qd7 26. Qe5+ Kg8 27. cxd5 1-0

[Event "January 9 Early 2024"]
[Site "https://www.chess.com"]
[Date "2024.01.11"]
[Round "1"]
[White "Wagner, Dennis"]
[Black "Buchenau, Frank"]
[Result "1-0"]
[Board "69"]
[TimeControl "180+1"]
[WhiteFideId "24650684"]
[BlackFideId "4604350"]
[WhiteElo "2748"]
[BlackElo "2409"]
[WhiteTeam "GER"]
[BlackTeam "GER"]
[WhiteClock "0:01:48"]
[BlackClock "0:00:03"]

1. Nf3 Nf6 2. c4 e6 3. g3 b6 4. Bg2 Bb7 5. O-O Be7 6. Nc3 O-O 7. Re1 Ne4 8. Nxe4 Bxe4 9. d3 Bb7 10. e4 c5 11. d4 cxd4 12. Nxd4 Nc6 13. Bf4 Nxd4 14. Qxd4 d6 15. Qd3 Rc8 16. Rad1 e5 17. Be3 Qc7 18. b3 Bc6 19. h4 Qb7 20. a4 f5 21. Bg5 fxe4 22. Bxe4 Bxe4 23. Qxe4 Qxe4 24. Rxe4 Bxg5 25. hxg5 Rc6 26. Kg2 a6 27. Rd5 Kf7 28. f4 exf4 29. gxf4 Re8 30. Kf3 g6 31. f5 Rxe4 32. Kxe4 gxf5+ 33. Kxf5 1-0

[Event "January 9 Early 2024"]
[Site "https://www.chess.com"]
[Date "2024.01.11"]
[Round "1"]
[White "Dahlgren, James Allen"]
[Black "Carnicelli, Valerio"]
[Result "0-1"]
[Board "70"]
[TimeControl "180+1"]
[WhiteFideId "22256873"]
[BlackFideId "856185"]
[WhiteElo "2095"]
[BlackElo "2557"]
[WhiteTeam "ESP"]
[BlackTeam "ITA"]
[WhiteClock "0:00:36"]
[BlackClock "0:01:45"]

1. e3 Nf6 2. c4 d5 3. Nc3 e6 4. d4 c5 5. Nf3 cxd4 6. exd4 Nc6 7. cxd5 Nxd5 8. Bd3 Bb4 9. Bd2 O-O 10. O-O Nxc3 11. bxc3 Be7 12. Rb1 b6 13. Re1 Bb7 14. Ne5 Nxe5 15. Rxe5 Bf6 16. Rh5 g6 17. Rh3 Qd5 18. f3 Bxd4+ 19. Kh1 Bg7 20. Be4 Qd7 21. Bf4 Qxd1+ 22. Rxd1 Bxe4 23. fxe4 Rfd8 24. Rhd3 Rxd3 25. Rxd3 Rc8 26. e5 h6 27. Kg1 g5 28. Bg3 Rc5 29. Re3 Kh7 30. Kf2 Kg6 31. h3 h5 32. Ke2 h4 33. Bh2 b5 34. Kd3 a5 35. Re4 a4 36. Re2 Rd5+ 37. Ke4 Rd1 38. Rb2 Rh1 39. g4 hxg3 40. Bxg3 Rxh3 41. Bf2 Rxc3 42. Rxb5 Rc2 43. Rb2 Rxb2 0-1

[Event "January 9 Early 2024"]
[Site "https://www.chess.com"]
[Date "2024.01.11"]
[Round "1"]
[White "Martin Fuentes, Alberto"]
[Black "Blokhin, Sofia"]
[Result "1-0"]
[Board "71"]
[TimeControl "180+1"]
[WhiteFideId "2292289"]
[BlackFideId "4508190"]
[WhiteElo "2638"]
[BlackElo "2294"]
[WhiteTeam "ESP"]
[BlackTeam "EST"]
[WhiteClock "0:01:39"]
[BlackClock "0:00:06"]

1. e4 c5 2. Nc3 e6 3. g3 Nc6 4. Bg2 g6 5. d3 Bg7 6. Be3 b6 7. Qd2 Nge7 8. Bh6 O-O 9. h4 f6 10. Bxg7 Kxg7 11. f4 h6 12. Nf3 Nd4 13. O-O d5 14. exd5 Nxf3+ 15. Rxf3 exd5 16. d4 Bg4 17. Rf2 c4 18. Re1 Nf5 19. Kh2 g5 20. fxg5 hxg5 21. hxg5 Rh8+ 22. Kg1 fxg5 23. Nxd5 Re8 24. Rxe8 Qxe8 25. Nc7 Qh5 26. Nxa8 Nxg3 27. d5 Bh3 28. Bxh3 Qxh3 29. Qxg5+ Kh8 30. Rh2 1-0

[Event "January 9 Early 2024"]
[Site "https://www.chess.com"]
[Date "2024.01.11"]
[Round "1"]
[White "Leschinsky, Gary"]
[Black "Fier, Alexandr"]
[Result "0-1"]
[Board "72"]
[TimeControl "180+1"]
[WhiteFideId "30951321"]
[BlackFideId "2107139"]
[WhiteElo "2406"]
[BlackElo "2737"]
[WhiteTeam "USA"]
[BlackTeam "BRA"]
[WhiteClock "0:00:11"]
[BlackClock "0:01:36"]

1. d4 Nf6 2. c4 c5 3. d5 e6 4. Nc3 exd5 5. cxd5 d6 6. e4 g6 7. Nge2 Bg7 8. Ng3 O-O 9. Be2 Re8 10. O-O Nbd7 11. Bg5 a6 12. a4 Qc7 13. Qd2 Rb8 14. f4 c4 15. e5 dxe5 16. f5 e4 17. fxg6 hxg6 18. Bh6 Bh8 19. Bf4 Qc5+ 20. Kh1 b5 21. axb5 axb5 22. Bxb8 Nxb8 23. Qf4 Nbd7 24. Ncxe4 Qb4 25. Nd6 Rf8 26. Ra8 Nb6 27. Rb8 Nfd7 28. Rxb6 Nxb6 29. Nxf7 Bg7 30. Ne4 Qxb2 31. Neg5 Qxe2 32. d6 Bb7 33. Qf2 Qxf2 34. Rxf2 c3 0-1

[Event "January 9 Early 2024"]
[Site "https://www.chess.com"]
[Date "2024.01.11"]
[Round "1"]
[White "Kovalev, Vladislav"]
[Black "Toktomushev, Teimur"]
[Result "1-0"]
[Board "73"]
[TimeControl "180+1"]
[WhiteFideId "13504398"]
[BlackFideId "14176726"]
[WhiteElo "2911"]
[BlackElo "2486"]
[WhiteTeam "FID"]
[BlackTeam "UKR"]
[WhiteClock "0:01:35"]
[BlackClock "0:00:01"]

1. e4 c5 2. Nf3 e6 3. c3 d5 4. exd5 Qxd5 5. d4 Nf6 6. Na3 Nc6 7. Nb5 Qd8 8. dxc5 Bxc5 9. Qxd8+ Kxd8 10. b4 Bb6 11. Nd6 Ke7 12. Nc4 Nd5 13. Nxb6 axb6 14. Bb2 f6 15. a3 e5 16. c4 Nf4 17. g3 Ne6 18. O-O-O Ncd4 19. Bg2 Nxf3 20. Bxf3 Ng5 21. Bd5 Be6 22. f4 Nf7 23. fxe5 Nxe5 24. Rhe1 Bxd5 25. Rxd5 Rhc8 26. Bxe5 fxe5 27. Rdxe5+ Kf6 28. Re6+ Kf5 29. h3 Rc5 30. bxc5 1-0

[Event "January 9 Early 2024"]
[Site "https://www.chess.com"]
[Date "2024.01.11"]
[Round "1"]
[White "Kekic, Armin"]
[Black "Rakitin, Daniil"]
[Result "0-1"]
[Board "74"]
[TimeControl "180+1"]
[WhiteFideId "14401274"]
[BlackFideId "24219762"]
[WhiteElo "2340"]
[BlackElo "2665"]
[WhiteTeam "BIH"]
[BlackTeam "RUS"]
[WhiteClock "0:01:18"]
[BlackClock "0:00:44"]

1. e4 d6 2. d4 g6 3. Nc3 Bg7 4. Be3 c6 5. Qd2 b5 6. O-O-O b4 7. Nce2 a5 8. f3 h5 9. h3 h4 10. f4 Nf6 11. e5 Ne4 12. Qd3 d5 13. Nf3 Ba6 14. Qb3 Bc4 15. Qa4 Bb5 16. Qb3 Na6 17. a4 bxa3 18. Qxa3 Nb4 19. Nd2 Bxe2 20. Bxe2 Ng3 21. Rhe1 e6 22. Nf1 Nf5 23. Bg4 Bf8 24. Bxf5 gxf5 25. Qa4 Qb6 26. Nd2 Rg8 27. Rg1 Bh6 28. Nb3 Rg3 29. Rde1 Rxe3 30. Rxe3 Bxf4 31. Re1 Ke7 32. Nd2 Bxe3 33. Rxe3 Qxd4 34. Re1 Nd3+ 0-1

[Event "January 9 Early 2024"]
[Site "https://www.chess.com"]
[Date "2024.01.11"]
[Round "1"]
[White "Costachi, Mihnea"]
[Black "Frayna, Janelle Mae"]
[Result "1-0"]
[Board "75"]
[TimeControl "180+1"]
[WhiteFideId "1217518"]
[BlackFideId "5212499"]
[WhiteElo "2855"]
[BlackElo "2460"]
[WhiteTeam "ROU"]
[BlackTeam "PHI"]
[WhiteClock "0:00:35"]
[BlackClock "0:01:40"]

1. Nc3 Nf6 2. e4 e5 3. Bc4 Nxe4 4. Qh5 Nd6 5. Bb3 Be7 6. Qxe5 O-O 7. Nge2 Nc6 8. Qh5 g6 9. Qf3 Nf5 10. O-O Ncd4 11. Nxd4 Nxd4 12. Qf4 Nxb3 13. axb3 c6 14. d3 d5 15. Re1 Bd6 16. Qh6 Qf6 17. Bg5 Qg7 18. Qh4 f6 19. Bh6 Qf7 20. Bxf8 Bxf8 21. Na4 Bf5 22. Qf4 Re8 23. Nc3 a6 24. Rxe8 Qxe8 25. Qc7 Qe7 26. Qxe7 Bxe7 27. h3 Kf7 28. g4 Bd7 29. Kg2 Bd6 30. Ne2 Be5 31. d4 Bd6 32. f4 g5 33. f5 h5 34. c4 h4 35. Nc3 dxc4 36. bxc4 c5 37. d5 Be5 38. Ne4 Bd4 39. Nd6+ Ke7 40. Nxb7 Bxb2 41. Rxa6 Bd4 42. d6+ Kf7 43. Ra7 Bc6+ 44. Kf1 Ke8 45. Na5 Be4 46. Re7+ Kd8 47. Rxe4 1-0

[Event "January 9 Early 2024"]
[Site "https://www.chess.com"]
[Date "2024.01.11"]
[Round "1"]
[White "Lima, Stefan Moisei VIeira"]
[Black "De Winter, Arthur"]
[Result "0-1"]
[Board "76"]
[TimeControl "180+1"]
[WhiteFideId "22782273"]
[BlackFideId "1069020"]
[WhiteElo "2439"]
[BlackElo "2804"]
[WhiteTeam "BRA"]
[BlackTeam "NED"]
[WhiteClock "0:00:13"]
[BlackClock "0:01:21"]

1. d4 h6 2. h4 Nf6 3. a3 c5 4. Nf3 cxd4 5. Nxd4 Nc6 6. c4 e5 7. Nxc6 bxc6 8. g3 Ba6 9. Qc2 Bc5 10. Bg2 O-O 11. O-O Rc8 12. b4 Bd4 13. Ra2 d5 14. Nd2 e4 15. e3 Be5 16. Rd1 Ng4 17. Bb2 Qf6 18. Nf1 Bxc4 19. Bxe5 Nxe5 20. Raa1 Bd3 21. Qb3 Ng4 22. Qa2 Rb8 23. Rac1 a5 24. Bh3 Ne5 25. Nh2 axb4 26. axb4 Rxb4 27. Qa5 Rb2 28. Rd2 Nc4 29. Rxc4 Bxc4 30. Ng4 Rb1+ 31. Kh2 Qf3 0-1

[Event "January 9 Early 2024"]
[Site "https://www.chess.com"]
[Date "2024.01.11"]
[Round "1"]
[White "Zaksaite, Salomeja"]
[Black "Araujo Sanchez, Josue"]
[Result "0-1"]
[Board "77"]
[TimeControl "180+1"]
[WhiteFideId "12801496"]
[BlackFideId "6416896"]
[WhiteElo "2345"]
[BlackElo "2670"]
[WhiteTeam "LTU"]
[BlackTeam "DOM"]
[WhiteClock "0:00:03"]
[BlackClock "0:02:03"]

1. e4 g6 2. d4 Bg7 3. Nc3 c6 4. h3 d5 5. e5 f6 6. Nf3 Nh6 7. Bf4 O-O 8. Qd2 Nf7 9. Bd3 fxe5 10. dxe5 e6 11. h4 Nd7 12. h5 Nfxe5 13. Nxe5 Nxe5 14. O-O-O Nxd3+ 15. cxd3 Qf6 16. Bd6 Qxf2 17. Bxf8 Qxd2+ 18. Kxd2 Bxf8 19. hxg6 hxg6 20. d4 Bg7 21. Kd3 e5 22. dxe5 Bxe5 23. Rde1 Bf5+ 24. Kd2 Bf6 25. Rhf1 Kg7 26. Ne2 Be4 27. Nf4 Bxb2 28. Ne6+ Kg8 29. Nc5 Re8 30. Nxe4 Rxe4 31. Rxe4 dxe4 32. Re1 Kf7 33. Rxe4 Bf6 34. Kd3 b5 35. a4 a6 36. axb5 axb5 37. g4 c5 38. Rf4 c4+ 39. Ke4 Ke6 40. Rf1 b4 41. Rc1 c3 42. Kd3 b3 0-1

[Event "January 9 Early 2024"]
[Site "https://www.chess.com"]
[Date "2024.01.11"]
[Round "1"]
[White "Moksh Amit Doshi"]
[Black "Ratnesan, Ranesh"]
[Result "1-0"]
[Board "78"]
[TimeControl "180+1"]
[WhiteFideId "25064967"]
[BlackFideId "439339"]
[WhiteElo "2627"]
[BlackElo "2271"]
[WhiteTeam "IND"]
[BlackTeam "ENG"]
[WhiteClock "0:01:27"]
[BlackClock "0:00:17"]

1. e4 c5 2. Nf3 d6 3. d4 cxd4 4. Nxd4 Nf6 5. Nc3 a6 6. Be3 e5 7. Nb3 Be7 8. Qd2 Be6 9. O-O-O O-O 10. f3 a5 11. a4 Nc6 12. Bb5 Nb4 13. Kb1 d5 14. exd5 Nfxd5 15. Rhe1 Bf5 16. Ne4 Nxe3 17. Qxe3 Qc7 18. c3 Nc6 19. g4 Bg6 20. Ka1 Rad8 21. Qf2 h6 22. h4 f5 23. Rxd8 Qxd8 24. gxf5 Bxf5 25. Ng3 Bxh4 26. Qh2 Be6 27. Nc5 Bc8 28. Rg1 Rxf3 29. Nh5 g5 30. Qxh4 Qd6 31. Qc4+ Be6 32. Qxe6+ Qxe6 33. Nxe6 1-0

[Event "January 9 Early 2024"]
[Site "https://www.chess.com"]
[Date "2024.01.11"]
[Round "1"]
[White "Shuvalova, Polina"]
[Black "Hoeffer, David"]
[Result "1-0"]
[Board "79"]
[TimeControl "180+1"]
[WhiteFideId "24171760"]
[BlackFideId "24606766"]
[WhiteElo "2756"]
[BlackElo "2414"]
[WhiteTeam "RUS"]
[BlackTeam "GER"]
[WhiteClock "0:01:04"]
[BlackClock "0:00:33"]

1. e4 Nc6 2. Nf3 f5 3. exf5 d5 4. d4 Bxf5 5. Bb5 e6 6. O-O Bd6 7. Re1 Qf6 8. Bg5 Qg6 9. c4 h6 10. Bh4 a6 11. Bxc6+ bxc6 12. c5 Be7 13. Ne5 Qh7 14. Bg3 h5 15. h3 h4 16. Bh2 Bf6 17. Nxc6 Qg6 18. Qa4 Kf8 19. Qa3 Ne7 20. Nxe7 Kxe7 21. c6+ Kf7 22. Be5 Rh5 23. Nd2 Rg5 24. Qf3 Rh8 25. Re3 Rhh5 26. Rae1 Rxg2+ 27. Qxg2 Rg5 28. Bg3 Bxd4 29. Nf3 Rxg3 30. fxg3 hxg3 31. Nxd4 1-0

[Event "January 9 Early 2024"]
[Site "https://www.chess.com"]
[Date "2024.01.11"]
[Round "1"]
[White "Yurovskykh, Oleksandr"]
[Black "Cardozo Munar, Carlos Eduardo"]
[Result "1-0"]
[Board "80"]
[TimeControl "180+1"]
[WhiteFideId "14134020"]
[BlackFideId "4409477"]
[WhiteElo "2603"]
[BlackElo "2231"]
[WhiteTeam "UKR"]
[BlackTeam "COL"]
[WhiteClock "0:01:23"]
[BlackClock "0:01:13"]

1. d4 d5 2. Bf4 e6 3. e3 Bd6 4. Bg3 Nf6 5. Nd2 Nbd7 6. Ngf3 O-O 7. Bd3 Qe7 8. Ne5 Re8 9. c3 Nf8 10. f4 N6d7 11. e4 f6 12. Nxd7 Bxd7 13. e5 fxe5 14. fxe5 Bc5 15. dxc5 Qxc5 16. Bf2 Qe7 17. O-O c5 18. Nf3 Bc6 19. Qe2 g6 20. Be3 Nd7 21. Bg5 Qg7 22. Qe3 a6 23. Rf2 b5 24. Raf1 b4 25. cxb4 cxb4 26. Bh6 Qe7 27. Ng5 Qc5 28. Qxc5 Nxc5 29. Rf7 1-0

[Event "January 9 Early 2024"]
[Site "https://www.chess.com"]
[Date "2024.01.11"]
[Round "1"]
[White "Tan, Ralph"]
[Black "Iturrizaga Bonelli, Eduardo"]
[Result "0-1"]
[Board "81"]
[TimeControl "180+1"]
[WhiteFideId "30966590"]
[BlackFideId "3901211"]
[WhiteElo "2511"]
[BlackElo "2984"]
[WhiteTeam "USA"]
[BlackTeam "ESP"]
[WhiteClock "0:00:23"]
[BlackClock "0:01:00"]

1. Nf3 Nf6 2. g3 b6 3. Bg2 Bb7 4. d4 c5 5. O-O g6 6. c4 Bg7 7. Nc3 Ne4 8. Qd3 Nxc3 9. bxc3 O-O 10. dxc5 bxc5 11. Rb1 Bc6 12. e4 Qa5 13. Be3 Na6 14. Rfc1 Rab8 15. Nd2 Rxb1 16. Qxb1 Rb8 17. Nb3 Qa4 18. Qc2 d6 19. h4 Bd7 20. Bf1 Be6 21. Qe2 h5 22. Bf4 Qa3 23. Rc2 Rb6 24. e5 d5 25. cxd5 Bxd5 26. c4 Be6 27. Bg2 Nb4 28. Bc1 Qa4 29. Nxc5 Qxc2 0-1

[Event "January 9 Early 2024"]
[Site "https://www.chess.com"]
[Date "2024.01.11"]
[Round "1"]
[White "Indjic, Aleksandar"]
[Black "Hrebenshchykova, Yelyzaveta"]
[Result "1-0"]
[Board "82"]
[TimeControl "180+1"]
[WhiteFideId "911925"]
[BlackFideId "14159899"]
[WhiteElo "2894"]
[BlackElo "2478"]
[WhiteTeam "SRB"]
[BlackTeam "UKR"]
[WhiteClock "0:01:50"]
[BlackClock "0:00:08"]

1. Nf3 Nf6 2. c4 e6 3. Nc3 d5 4. e3 c5 5. cxd5 exd5 6. d4 a6 7. g3 Nc6 8. Bg2 c4 9. b3 cxb3 10. Qxb3 Be7 11. O-O O-O 12. Ne5 Na5 13. Qb1 Be6 14. Bd2 Rc8 15. a4 Rc7 16. Nxd5 Bxd5 17. Bxa5 Bxg2 18. Bxc7 Qd5 19. Re1 Bh3 20. f3 Nd7 21. Qa2 Qxa2 22. Rxa2 Rc8 23. Nxd7 Rxc7 24. Nb6 Be6 25. d5 Bf5 26. a5 g5 27. e4 Bg6 28. Kg2 f6 29. Ree2 h5 30. Rac2 Bc5 31. Na4 Bd6 32. Rxc7 Bxc7 33. Nb6 g4 34. f4 Kg7 35. e5 fxe5 36. fxe5 Bd3 37. Re3 Bxb6 38. axb6 Bc4 39. d6 Be6 40. Rc3 Kg6 41. Rc7 Kf5 42. d7 Bxd7 43. Rxd7 Kxe5 44. Rxb7 a5 45. Rc7 1-0

[Event "January 9 Early 2024"]
[Site "https://www.chess.com"]
[Date "2024.01.11"]
[Round "1"]
[White "Niemann, Hans Moke"]
[Black "Liang, Justin"]
[Result "1-0"]
[Board "83"]
[TimeControl "180+1"]
[WhiteFideId "2093596"]
[BlackFideId "2099942"]
[WhiteElo "3073"]
[BlackElo "2525"]
[WhiteTeam "USA"]
[BlackTeam "USA"]
[WhiteClock "0:01:21"]
[BlackClock "0:00:03"]

1. e4 c5 2. Nf3 e6 3. b3 Nc6 4. Bb2 Nf6 5. e5 Nd5 6. g3 f5 7. Bg2 Be7 8. O-O O-O 9. c4 Nc7 10. d4 cxd4 11. Nxd4 Nxe5 12. Nxe6 dxe6 13. Bxe5 Na6 14. Nc3 Qa5 15. Qe2 Bf6 16. Bxf6 gxf6 17. Nb5 Nc5 18. Nd6 Qb6 19. Rad1 Bd7 20. Nxb7 Nxb7 21. Rxd7 Nc5 22. Rd2 Rad8 23. Rfd1 Rxd2 24. Qxd2 Re8 25. b4 Ne4 26. Bxe4 fxe4 27. c5 Qb7 28. Qd7 Qb8 29. c6 Qc8 30. c7 Kf8 31. Qxc8 Rxc8 32. Rd8+ 1-0

[Event "January 9 Early 2024"]
[Site "https://www.chess.com"]
[Date "2024.01.11"]
[Round "1"]
[White "Batsiashvili, Nino"]
[Black "Shimanov, Aleksandr"]
[Result "0-1"]
[Board "84"]
[TimeControl "180+1"]
[WhiteFideId "13602993"]
[BlackFideId "4198603"]
[WhiteElo "2518"]
[BlackElo "3007"]
[WhiteTeam "GEO"]
[BlackTeam "RUS"]
[WhiteClock "0:00:03"]
[BlackClock "0:01:38"]

1. c4 g6 2. Nc3 Bg7 3. d4 c5 4. d5 Bxc3+ 5. bxc3 e5 6. e4 d6 7. Rb1 Nd7 8. Bd3 Qe7 9. h4 h5 10. Bg5 f6 11. Be3 Nh6 12. Nh3 Kd8 13. f3 Kc7 14. Kd2 Nb6 15. g4 hxg4 16. fxg4 Nxg4 17. Bg1 Rxh4 18. Kc2 Bd7 19. Qf3 Rah8 20. Nf2 Ba4+ 21. Kb2 Nxf2 22. Bxf2 Rh2 23. Ka3 Bd7 24. Bg3 Rxh1 25. Rxh1 Rxh1 26. Qxh1 f5 27. Qh6 fxe4 28. Be2 Bf5 29. Bh4 Qd7 30. Qf8 e3 31. Kb2 Na4+ 32. Kb3 a6 33. Bg5 Nb6 34. Kb2 Nc8 35. Bxe3 Qa4 36. Bg5 Qc2+ 37. Ka3 Qxc3+ 38. Ka4 Qb4# 0-1

[Event "January 9 Early 2024"]
[Site "https://www.chess.com"]
[Date "2024.01.11"]
[Round "1"]
[White "Rottenwohrer Suarez, Juan"]
[Black "Dominguez Perez, Leinier"]
[Result "0-1"]
[Board "85"]
[TimeControl "180+1"]
[WhiteFideId "32068182"]
[BlackFideId "3503240"]
[WhiteElo "2507"]
[BlackElo "2975"]
[WhiteTeam "ESP"]
[BlackTeam "USA"]
[WhiteClock "0:00:01"]
[BlackClock "0:01:06"]

1. e4 c5 2. Nf3 d6 3. d4 cxd4 4. Nxd4 Nf6 5. Nc3 a6 6. Rg1 e5 7. Nb3 h5 8. Be2 Be6 9. Be3 Nbd7 10. Qd2 Rc8 11. h3 h4 12. Bg5 Be7 13. Be3 b5 14. Bf3 Nb6 15. Nd5 Nfxd5 16. exd5 Bf5 17. c3 Nc4 18. Qc1 O-O 19. Be2 Nxe3 20. Qxe3 Bg5 21. Qa7 Ra8 22. Qb7 Re8 23. Rd1 Re7 0-1

[Event "January 9 Early 2024"]
[Site "https://www.chess.com"]
[Date "2024.01.11"]
[Round "1"]
[White "Niedbala, Bartlomiej"]
[Black "Manon-og, Ramon Jr."]
[Result "1-0"]
[Board "86"]
[TimeControl "180+1"]
[WhiteFideId "21834008"]
[BlackFideId "5200776"]
[WhiteElo "2678"]
[BlackElo "2352"]
[WhiteTeam "POL"]
[BlackTeam "PHI"]
[WhiteClock "0:00:53"]
[BlackClock "0:00:32"]

1. e4 c5 2. Nf3 d6 3. d4 cxd4 4. Nxd4 Nf6 5. Nc3 a6 6. g3 e5 7. Nf3 Bg4 8. h3 Bh5 9. Bg2 Be7 10. O-O h6 11. Be3 O-O 12. Qd3 Nc6 13. Nh4 Qd7 14. Nf5 Nb4 15. Qd2 Rfd8 16. Bxh6 Bf8 17. Bxg7 Bxg7 18. a3 Nc6 19. Qg5 Bg6 20. Nxg7 Kxg7 21. f4 Rh8 22. f5 Rh5 23. Qd2 Bxf5 24. exf5 Rxf5 25. g4 Rxf1+ 26. Rxf1 Nh7 27. Nd5 Rf8 28. Be4 Qe6 29. Bxh7 Kxh7 30. Rf6 Qd7 31. Qh6+ Kg8 32. Qg5+ Kh7 33. Rh6# 1-0